 Dungeon Crawl Stone Soup version 0.23-a0-402-g64599a1 (webtiles) character file.

13895 Garbasso the Fighter (level 11, -7/105 HPs)
             Began as a Red Draconian Conjurer on Nov 4, 2018.
             Was an Elder of Vehumet.
             Mangled by a spiny frog (22 damage)
             ... on level 1 of the Lair of Beasts.
             The game lasted 01:02:02 (14498 turns).

Garbasso the Fighter (Red Draconian Conjurer)      Turns: 14498, Time: 01:02:02

Health: -7/105     AC: 12    Str: 12    XL:     11   Next: 81%
Magic:  1/18       EV: 11    Int: 22    God:    Vehumet [****..]
Gold:   491        SH: 11    Dex: 11    Spells: 1/20 levels left

rFire    + . .     SeeInvis .   L - +4 scimitar (flame)
rCold    + . .     Gourm    .   o - +0 shield
rNeg     . . .     Faith    .   (armour unavailable)
rPois    .         Spirit   .   (helmet restricted)
rElec    .         Reflect  .   F - +2 cloak
rCorr    .         Harm     .   c - +0 pair of gloves
MR       +....                  I - +0 pair of boots
Stlth    ++........             f - amulet of regeneration
HPRegen  0.67/turn              D - ring of Ethics {+Fly rC+ MR+ Int+4}
MPRegen  0.16/turn              B - ring of wizardry

@: very slightly contaminated, studying Fighting
A: breathe fire, unfitting armour, fire resistance 1, cold-blooded, AC +7
a: Breathe Fire, Renounce Religion, Evoke Flight


You were on level 1 of the Lair of Beasts.
You worshipped Vehumet.
Vehumet was greatly pleased with you.
You were near starving.

You visited 3 branches of the dungeon, and saw 13 of its levels.

You collected 587 gold pieces.
You spent 96 gold pieces at shops.

Inventory:

Hand Weapons
 L - a +4 scimitar of flaming (weapon)
Armour
 c - a +0 pair of gloves (worn)
 o - a +0 shield (worn)
 F - a +2 cloak (worn)
 I - a +0 pair of boots (worn)
Magical Staves
 y - an uncursed staff of fire
Jewellery
 f - an amulet of regeneration (around neck)
 j - an uncursed ring of resist corrosion
 t - a +4 ring of strength
 B - a ring of wizardry (right hand)
 D - the ring of Ethics (left hand) {+Fly rC+ MR+ Int+4}
   (You found it on level 7 of the Dungeon)

   [ring of flight]

   It affects your intelligence (+4).
   It protects you from cold.
   It affects your resistance to hostile enchantments.
   It lets you fly.
 J - an uncursed ring of ice
 M - an uncursed ring of ice
Wands
 w - a wand of polymorph (5)
 x - a wand of random effects (30)
 A - a wand of paralysis (19)
 C - a wand of disintegration (13)
 E - a wand of iceblast (8)
 H - a wand of enslavement (22)
Scrolls
 h - 2 scrolls of magic mapping
 k - 2 scrolls of enchant armour
 m - 7 scrolls of teleportation
 p - a scroll of enchant weapon
 v - 5 scrolls of remove curse
 z - a scroll of blinking
 N - a scroll of immolation
Potions
 a - 4 potions of haste
 g - 2 potions of flight
 i - 4 potions of ambrosia
 l - a potion of lignification
 n - 3 potions of curing
 q - a potion of cancellation
 r - 2 potions of berserk rage
 u - 2 potions of brilliance
 G - a potion of invisibility {unknown}
 K - 2 potions of magic
 O - a potion of resistance
Books
 s - a manual of Fighting
Comestibles
 b - 20 rations


   Skills:
 + Level 12.6 Fighting
 - Level 1.7 Dodging
 - Level 1.7 Stealth
 * Level 11.7 Shields
 + Level 5.0 Spellcasting
 + Level 11.0 Conjurations
 - Level 3.1 Hexes
 - Level 3.0 Translocations


You had one spell level left.
You knew the following spells:

 Your Spells              Type           Power        Failure   Level  Hunger
a - Magic Dart            Conj           ####         1%          1    None
b - Venom Bolt            Conj/Pois      ####......   5%          5    #####..
c - Iskenderun's Mystic   Conj           ######..     1%          4    ####...
d - Fulminant Prism       Conj/Hex       #####.....   1%          4    ####...
e - Conjure Flame         Conj/Fire      ####....     1%          3    ##.....
f - Blink                 Tloc           N/A          2%          2    None

Your spell library contained the following spells:

 Spells                   Type           Power        Failure   Level  Hunger
 Infusion                 Chrm           #...         6%          1    None
 Searing Ray              Conj           ######       1%          2    None
 Dazzling Spray           Conj/Hex       #####.       1%          3    ##.....
 Mephitic Cloud           Conj/Pois/Air  ###.....     1%          3    ##.....
 Force Lance              Conj/Tloc      #####...     1%          4    ####...
 Slow                     Hex            ###.....     2%          2    None
 Shroud of Golubria       Chrm/Tloc      ##........   4%          2    None
 Call Imp                 Summ           #.......     9%          2    None
 Song of Slaying          Chrm           #.......     9%          2    None
 Spectral Weapon          Hex/Chrm       ##......     10%         3    ##.....
 Regeneration             Chrm/Necr      #.........   17%         3    ##.....


Dungeon Overview and Level Annotations

Branches:
Dungeon (10/15)            Temple (1/1) D:5            Lair (2/6) D:10
  Swamp: Lair:2-4    Shoals: Lair:2-4     Snake: Lair:2-4    Spider: Lair:2-4
    Orc: D:9-12

Altars:
Cheibriados
Dithmenos
Elyvilon
Fedhas
Gozag
Hepliaklqana
Kikubaaqudgha
Makhleb
Nemelex Xobeh
Ru
Sif Muna
Uskayaw
Vehumet
Wu Jian
Xom
Yredelemnul
Zin
The Shining One

Shops:
D:6 :(!:(

Annotations:
D:3 1 runed door, phyphor's ghost, amateur SpEn
D:4 3 runed doors, Amnesiac's ghost, weakling HOMo


Innate Abilities, Weirdness & Mutations

You can breathe blasts of fire.
Your fiery red scales are hard. (AC +7)
You cannot fit into any form of body armour.
Your flesh is heat resistant. (rF+)
You are cold-blooded and may be slowed by cold attacks.


Message History

Press: ? - help, Shift-Dir - straight line, f - spiny frog
Aim: a spiny frog (severely wounded)
You miscast Venom Bolt.
You are very lightly contaminated with residual magic.
Nothing appears to happen.
You feel sick. The spiny frog stings you!
* * * LOW HITPOINT WARNING * * *
Casting: Venom Bolt (safe; 5% risk of failure)
Confirm with . or Enter, or press ? or * to list all spells.
Aiming: Venom Bolt (safe; 5% risk of failure)
Press: ? - help, Shift-Dir - straight line, f/p - spiny frog
Aim: a spiny frog (severely wounded)
The bolt of poison hits the spiny frog.
The spiny frog is poisoned.
The spiny frog is severely wounded.
You are near starving!
You feel sick. The spiny frog stings you!
* * * LOW HITPOINT WARNING * * *
* * * LOW HITPOINT WARNING * * *
You feel sick.
You feel better. The spiny frog stings you!!
You die...

#.......####.......## #...
###.............#### #..P
##...##.....#..## ###.
#....######.#### #. ##....# ####
### ### #.
#...#########.######.#######.###.
....###.................##.......
.................................
................@F..##...........
....................#......>."...
.................................
.................................
#...#...........>................
.............#..#..........(....#
.........###.........#####.###.##
...................### ### ###
.#######..#...######


You could see a spiny frog.

Vanquished Creatures
  Erica (D:9)
  3 death yaks (D:10)
  An orange crystal statue (D:10)
  Psyche (D:8)
  2 spiny frogs (Lair:1)
  A komodo dragon (Lair:1)
  A troll (D:10)
  6 blink frogs
  3 hippogriffs
  2 wyverns (D:8)
  Sigmund (D:5)
  10 yaks (Lair:1)
  2 hungry ghosts
  A basilisk (Lair:1)
  A steam dragon (D:10)
  3 water moccasins
  3 porcupines
  2 black bears
  3 ice beasts
  2 ogres
  2 phantoms
  A necrophage (D:8)
  2 centaurs
  11 wolves (Lair:1)
  3 crocodiles (Lair:1)
  A big kobold (D:9)
  2 bullfrogs
  4 scorpions
  13 killer bees
  6 wights
  4 crimson imps
  A bullfrog zombie (D:9)
  7 orc priests
  4 hounds
  3 jellies (D:10)
  A centaur skeleton (D:6)
  12 orc wizards
  A bullfrog skeleton (D:5)
  4 iguanas
  5 worker ants
  A hound skeleton (D:8)
  A worker ant zombie (D:10)
  3 gnolls
  11 adders
  2 howler monkey skeletons
  A river rat (D:10)
  7 oozes
  4 adder zombies
  An adder skeleton (D:9)
  2 worms
  3 dart slugs
  3 leopard geckos
  43 orcs
  4 giant cockroaches
  6 goblins
  10 hobgoblins
  14 jackals
  2 ball pythons (D:2)
  5 bats
  5 frilled lizards
  A jackal zombie (D:5)
  9 kobolds
  9 rats
283 creatures vanquished.

Vanquished Creatures (others)
  27 fulminant prisms
  2 fungi (Lair:1)
29 creatures vanquished.

Grand Total: 312 creatures vanquished

Notes
Turn   | Place    | Note
-------+----------+-------------------------------------------
     0 | D:1      | Garbasso the Draconian Conjurer began the quest for the
                  | Orb.
     0 | D:1      | Reached XP level 1. HP: 14/14 MP: 3/3
   267 | D:1      | Reached XP level 2. HP: 20/20 MP: 0/5
   464 | D:1      | Learned a level 2 spell: Searing Ray
   976 | D:1      | Reached XP level 3. HP: 26/26 MP: 0/6
  1179 | D:2      | Reached skill level 5 in Conjurations
  1242 | D:2      | Reached XP level 4. HP: 33/33 MP: 2/8
  1248 | D:2      | Learned a level 4 spell: Iskenderun's Mystic Blast
  2260 | D:3      | Reached XP level 5. HP: 38/38 MP: 2/9
  2493 | D:3      | Found a runed door.
  2495 | D:3      | Noticed phyphor's ghost (amateur SpEn)
  2495 | D:3      | Noticed a hornet
  2938 | D:3      | Found a hazy altar of Hepliaklqana.
  3016 | D:3      | Reached XP level 6. HP: 45/45 MP: 7/11
  3061 | D:3      | Learned a level 4 spell: Fulminant Prism
  3916 | D:4      | Reached skill level 1 in Fighting
  4223 | D:4      | Found a runed gate.
  4223 | D:4      | Found a runed gate.
  4223 | D:4      | Found a runed gate.
  4287 | D:4      | Your scales start taking on a fiery red colour.
  4287 | D:4      | Reached XP level 7. HP: 53/53 MP: 0/13
  4287 | D:4      | Gained mutation: Your flesh is heat resistant. (rF+) [Red
                  | Draconian growth]
  4541 | D:4      | Noticed Amnesiac's ghost (weakling HOMo)
  4708 | D:5      | Entered Level 5 of the Dungeon
  4726 | D:5      | Reached skill level 2 in Fighting
  4726 | D:5      | Reached skill level 1 in Shields
  4887 | D:5      | Found a staircase to the Ecumenical Temple.
  4900 | Temple   | Entered the Ecumenical Temple
  5023 | Temple   | Became a worshipper of Vehumet
  5459 | D:5      | Reached skill level 3 in Fighting
  5630 | D:5      | Noticed Sigmund
  5636 | D:5      | Killed Sigmund
  5636 | D:5      | Reached skill level 4 in Fighting
  5636 | D:5      | Reached XP level 8. HP: 55/66 MP: 10/14
  5982 | D:6      | Found Ricuklua's Distillery.
  5986 | D:6      | Bought a potion of curing for 36 gold pieces
  5986 | D:6      | Bought a potion of heal wounds for 60 gold pieces
  6008 | D:6      | Found Qanoenk's Book Shoppe.
  6019 | D:6      | Found Herem's Weapon Shoppe.
  6181 | D:6      | Found an opulent altar of Gozag.
  6182 | D:6      | Found a glowing silver altar of Zin.
  6322 | D:6      | Found Locol's Book Shoppe.
  6346 | D:6      | Found a sacrificial altar of Ru.
  6346 | D:6      | Found a deep blue altar of Sif Muna.
  6346 | D:6      | Found an ancient bone altar of Kikubaaqudgha.
  6346 | D:6      | Found a sparkling altar of Nemelex Xobeh.
  6382 | D:6      | Found a glowing golden altar of the Shining One.
  6382 | D:6      | Found an ornate altar of the Wu Jian Council.
  6412 | D:6      | Reached skill level 5 in Fighting
  6461 | D:6      | Found an opulent altar of Gozag.
  6474 | D:6      | Reached * piety under Vehumet
  6474 | D:6      | Offered knowledge of Sting by Vehumet.
  6571 | D:6      | Found Pyahos's Weapon Emporium.
  6845 | D:6      | Reached skill level 5 in Shields
  7144 | D:7      | Got a warped steel ring
  7146 | D:7      | Identified the ring of Ethics {+Fly rC+ MR+ Int+4} (You
                  | found it on level 7 of the Dungeon)
  7304 | D:7      | Noticed a hippogriff
  7311 | D:7      | Killed a hippogriff
  7311 | D:7      | Reached skill level 6 in Fighting
  8145 | D:8      | Reached XP level 9. HP: 78/78 MP: 9/15
  8271 | D:8      | Reached skill level 7 in Fighting
  9000 | D:8      | Reached skill level 1 in Hexes
  9148 | D:8      | Reached skill level 8 in Fighting
  9223 | D:8      | Noticed Psyche
  9236 | D:8      | Killed Psyche
  9676 | D:9      | Reached ** piety under Vehumet
  9676 | D:9      | Offered knowledge of Sandblast by Vehumet.
  9982 | D:9      | Reached skill level 9 in Fighting
 10121 | D:9      | Learned a level 3 spell: Conjure Flame
 10124 | D:9      | Learned a level 2 spell: Blink
 10166 | D:9      | Noticed Erica
 10179 | D:9      | Killed Erica
 10179 | D:9      | Reached XP level 10. HP: 90/91 MP: 5/16
 10396 | D:9      | Offered knowledge of Throw Flame by Vehumet.
 10803 | D:10     | Entered Level 10 of the Dungeon
 10898 | D:10     | Noticed a death yak
 10915 | D:10     | Noticed a death yak
 10916 | D:10     | Noticed a death yak
 11178 | D:10     | Killed a death yak
 11178 | D:10     | Reached skill level 10 in Fighting
 11178 | D:10     | Reached skill level 1 in Translocations
 11223 | D:10     | Killed a death yak
 11223 | D:10     | Reached skill level 10 in Conjurations
 11358 | D:10     | Noticed an orange crystal statue
 11371 | D:10     | Reached *** piety under Vehumet
 11639 | D:10     | Killed an orange crystal statue
 11639 | D:10     | Reached skill level 10 in Shields
 11940 | D:10     | Reached skill level 11 in Fighting
 11942 | D:10     | Reached XP level 11. HP: 88/102 MP: 2/17
 12015 | D:10     | Killed a death yak
 12207 | D:10     | Found a staircase to the Lair.
 12400 | D:10     | Offered knowledge of Throw Icicle by Vehumet.
 12596 | Lair:1   | Entered Level 1 of the Lair of Beasts
 13302 | Lair:1   | Reached **** piety under Vehumet
 13306 | Lair:1   | Reached skill level 12 in Fighting
 13541 | Lair:1   | Offered knowledge of Venom Bolt by Vehumet.
 13574 | Lair:1   | Learned a level 5 spell: Venom Bolt
 14059 | Lair:1   | Reached skill level 5 in Spellcasting
 14496 | Lair:1   | HP: 4/105 [spiny frog (16)]
 14498 | Lair:1   | Mangled by a spiny frog

Vault maps used:
D:1:      lemuel_arrival_muddy, minmay_fountain_box
D:3:      lemuel_coloured_pillars_altar, ebering_ghost_inner_flame
D:4:      gammafunk_ghost_icy, first_ration
D:5:      minmay_temple_entry_glassed_door, minmay_manual_monolith, uniq_sigmund
D:6:      grunt_temple_overflow_gold_and_silver, minmay_overflow_temple_hex,
          serial_shops, shop, shop, shop, nicolae_shop_crystal,
          nicolae_shop_behind_doors, basic_altar, lemuel_flamethrower_1
D:8:      nicolae_two_hexagons, uniq_psyche
D:9:      uniq_erica
D:10:     dpeg_lair_monsters, hangedman_little_slice_of_home,
          minmay_statue_bubble
Temple:   nicolae_temple_figure_eight
Lair:1:   chequers_serial_rivers_room_a
Lair:2:   basic_altar, infiniplex_staircase_pool_2, grunt_megastairs_5

Skill      XL: |  1  2  3  4  5  6  7  8  9 10 11 |
---------------+----------------------------------+-----
Conjurations   | 5 6 7 8 9 10 11 | 11.0
Spellcasting   | 3 4 5 |  5.0
Fighting       | 1 4 6 9 11 12 | 12.6
Shields        | 3 6 8 10 11 | 11.7
Hexes          | 3 |  3.1
Translocations | 3 |  3.0
Dodging        | |  1.7
Stealth        | |  1.7

Action                   |  1- 3 |  4- 6 |  7- 9 | 10-12 || total
-------------------------+-------+-------+-------+-------++-------
Melee: Unarmed           |     5 |       |       |       ||     5
       Tailslap          |     3 |     7 |    24 |    19 ||    53
       Dagger            |    15 |    67 |   153 |       ||   235
       Scimitar          |       |       |       |    99 ||    99
 Cast: Magic Dart        |    43 |   131 |   212 |   151 ||   537
       Searing Ray       |     3 |    12 |    23 |    25 ||    63
       Iskenderun's Myst |       |     8 |    14 |    11 ||    33
       Fulminant Prism   |       |     2 |     3 |    22 ||    27
       Blink             |       |       |     1 |     1 ||     2
       Conjure Flame     |       |       |       |     2 ||     2
       Venom Bolt        |       |       |       |     9 ||     9
 Abil: Breathe Fire      |       |       |    23 |    18 ||    41
Evoke: Wand              |       |       |       |     1 ||     1
  Use: Potion            |       |     2 |       |     6 ||     8
       Scroll            |       |       |    16 |     6 ||    22
 Stab: Sleeping          |       |     1 |     2 |     1 ||     4
  Eat: Chunk             |     2 |    12 |    21 |    18 ||    53
       Ration            |       |       |     3 |     2 ||     5
Armor: Skin              |     7 |    48 |    79 |    84 ||   218
Dodge: Dodged            |    34 |    88 |   119 |   124 ||   365
Block: Shield            |       |       |    40 |   143 ||   183
       Rpst.: Scimitar   |       |       |       |    40 ||    40

Table legend:
 A = Non-vault XP
 B = Vault XP
 C = Vault XP percentage of total XP
 D = Non-vault monster count
 E = Vault monster count
 F = Vault count percentage of total count
                 A         B        C        D         E       F
            +---------+---------+-------+---------+---------+-------
      Total |   14578 |    5272 |  26.6 |     262 |      21 |   7.4
            +---------+---------+-------+---------+---------+-------
        D:1 |      41 |       0 |   0.0 |      14 |       0 |   0.0
        D:2 |      90 |       0 |   0.0 |      26 |       0 |   0.0
        D:3 |     389 |       0 |   0.0 |      33 |       0 |   0.0
        D:4 |     262 |       0 |   0.0 |      24 |       0 |   0.0
        D:5 |     556 |     367 |  39.8 |      22 |       4 |  15.4
        D:6 |     322 |       0 |   0.0 |      15 |       0 |   0.0
        D:7 |     602 |       0 |   0.0 |       9 |       0 |   0.0
        D:8 |    1470 |     418 |  22.1 |      23 |       1 |   4.2
        D:9 |    1635 |     907 |  35.7 |      38 |       1 |   2.6
       D:10 |    2044 |    3580 |  63.7 |      20 |      15 |  42.9
     Lair:1 |    7167 |       0 |   0.0 |      38 |       0 |   0.0
            +---------+---------+-------+---------+---------+-------
